 Dungeon Crawl Stone Soup version 0.17.1-1-g73c8601 (webtiles) character file.

92 Implojin the Chopper (level 4, -1/39 HPs)
             Began as a Hill Orc Fighter on Apr 8, 2016.
             Slain by Gonk's ghost (3 damage)
             ... on level 4 of the Dungeon.
             The game lasted 00:01:48 (317 turns).

Implojin the Chopper (Hill Orc Fighter)              Turns: 317, Time: 00:01:48

Health: -1/39      AC:  6    Str: 18    XL:     4   Next: 60%
Magic:  4/4        EV:  7    Int:  8    God:
Gold:   28         SH:  0    Dex: 11    Spells: 0 memorised, 3 levels left

rFire  . . .     SeeInvis .     a - +0 war axe
rCold  . . .     Clarity  .     b - +0 scale mail
rNeg   . . .     SustAt   .     c - +0 shield
rPois  .         Gourm    .     (no helmet)
rElec  .         Spirit   .     (no cloak)
rCorr  .         Warding  .     (no gloves)
rMut   .         Stasis   .     (no boots)
MR     .....                    (no amulet)
Stlth  ..........               (no ring)
                                (no ring)

@: confused, glowing, not resistant to hostile enchantments, extremely
unstealthy
A: no striking features
a: no special abilities


You were on level 4 of the Dungeon.
You were not hungry.

You visited 1 branch of the dungeon, and saw 4 of its levels.

You collected 28 gold pieces.

Inventory:

Hand Weapons
 a - a +0 war axe (weapon)
Armour
 b - a +0 scale mail (worn)
 c - a +0 shield (worn)
Scrolls
 i - 2 scrolls of identify {unknown}
Potions
 d - a potion of might
 g - a potion of resistance {unknown}
 h - a potion of agility {unknown}
Comestibles
 e - a bread ration
 f - 5 chunks of flesh


   Skills:
 - Level 3.6 Fighting
 * Level 6.2 Axes
 - Level 3.2 Armour
 - Level 3.2 Shields


You had 3 spell levels left.
You didn't know any spells.

Dungeon Overview and Level Annotations

Branches:
Dungeon (4/15)
 Temple: D:4-7

Altars:

Annotations:
D:4 Gonk's ghost, amateur DEEn


Message History

The worker ant barely misses you.
The worker ant bites you but does no damage.
You hit the worker ant.
The worker ant is severely wounded.
You feel less confused. You block the worker ant's attack.
The worker ant bites you but does no damage.
You slash the worker ant!
You kill the worker ant!
Your Axes skill increases to level 6!
Gonk's ghost gestures at you while chanting.
You are confused.
Unknown command.
You bump into the rock wall.
Gonk's ghost gestures at you while chanting.
You resist with significant effort.
You bump into the rock wall.
Gonk's ghost hits you but does no damage.
Gonk's ghost casts a spell at you.
You are more confused.
You bump into the rock wall.
Gonk's ghost casts a spell at you. You resist with significant effort.
Gonk's ghost barely misses you.
You miss Gonk's ghost.
Gonk's ghost points at you and mumbles some strange words.
You are outlined in light.
You slash Gonk's ghost!
Gonk's ghost is moderately damaged.
You feel a little less mighty now. Gonk's ghost hits you.
* * * LOW HITPOINT WARNING * * *
You bump into the rock wall.
Gonk's ghost hits you.
* * * LOW HITPOINT WARNING * * *
Unknown command.
You miss Gonk's ghost.
Gonk's ghost is moderately damaged.
Gonk's ghost hits you but does no damage.
Gonk's ghost hits you.
You die...

##...##.## ######
#........# ......
..####........####......
................<.......
..###....(......†...[..
#.....#...#.#......
#####...####...#......
#...#..## #..##......
#...#@## #..# #....#
#...W.# #... .....
#...### #.... .....
#...# .. #...# #....
..... ....... ....(..#


You could see Gonk's ghost.

Vanquished Creatures
  A scorpion (D:4)
  A worker ant (D:4)
  An adder (D:2)
  An orc (D:3)
  3 goblins
  2 jackals (D:4)
  A kobold (D:1)
  A rat (D:2)
11 creatures vanquished.

Notes
Turn   | Place    | Note
--------------------------------------------------------------
     0 | D:1      | Implojin the Hill Orc Fighter began the quest for the Orb.
     0 | D:1      | Reached XP level 1. HP: 19/19 MP: 1/1
    66 | D:1      | Reached skill level 3 in Axes
   103 | D:2      | Reached XP level 2. HP: 9/26 MP: 2/2
   122 | D:3      | Reached skill level 4 in Axes
   143 | D:3      | HP: 1/26 [orc/falchion (5)]
   273 | D:4      | Noticed a scorpion
   277 | D:4      | Killed a scorpion
   277 | D:4      | Reached skill level 5 in Axes
   277 | D:4      | Reached XP level 3. HP: 13/31 MP: 3/3
   277 | D:4      | Reached XP level 4. HP: 16/39 MP: 4/4
   296 | D:4      | Noticed Gonk's ghost (amateur DEEn)
   308 | D:4      | Reached skill level 6 in Axes
   317 | D:4      | Slain by Gonk's ghost

Action                   |  1- 3 |  4- 6 || total
-------------------------+-------+-------++-------
Melee: War axe           |    26 |    12 ||    38
  Use: Potion            |     2 |       ||     2

Table legend:
 A = Turns spent in this place as a percentage of turns spent in the entire game.
 B = Non-inter-level travel turns spent in this place as a percentage of non-inter-level travel turns spent in the entire game.
 C = Inter-level travel turns spent in this place as a percentage of turns spent in this place.
 D = Turns resting spent in this place as a percentage of non-inter-level travel turns spent in this place.
 E = Turns spent auto-exploring this place as a percentage of non-inter-level travel turns spent in this place.
 F = Non-inter-level travel turns spent in this place divided by the number of levels of this place that you've seen.
                   A       B       C       D       E      F
               +-------+-------+-------+-------+-------+----------------------
         Total | 100.0 | 100.0 |   0.0 |   0.0 |   0.0 |  82.5
       Dungeon | 100.0 | 100.0 |   0.0 |   0.0 |   0.0 |  82.5
               +-------+-------+-------+-------+-------+----------------------

Table legend:
 A = Kills in this place as a percentage of kills in entire the game.
 B = Kills by you in this place as a percentage of kills by you in the entire game.
 C = Kills by friends in this place as a percentage of kills by friends in the entire game.
 D = Other kills in this place as a percentage of other kills in the entire game.
 E = Experience gained in this place as a percentage of experience gained in the entire game.
 F = Experience gained in this place divided by the number of levels of this place that you have seen.
                   A       B       C       D       E      F
               +-------+-------+-------+-------+-------+----------------------
         Total | 100.0 | 100.0 |  -nan |  -nan | 100.0 |  33.0
       Dungeon | 100.0 | 100.0 |  -nan |  -nan | 100.0 |  33.0
               +-------+-------+-------+-------+-------+----------------------
